 Dungeon Crawl Stone Soup version 0.31-a0-1309-gbf3fed3 (webtiles) character file.

Game seed: 9842483945149881541

91 edsrzf the Conjurer (level 4, 0/27 HPs)
             Began as an Octopode Hedge Wizard on Dec 19, 2023.
             Slain by a gnoll
             ... wielding a +0 spear
             ... led by a gnoll bouda
              (4 damage)
             ... on level 3 of the Dungeon.
             The game lasted 00:04:47 (3050 turns).

edsrzf the Conjurer (Octopode Hedge Wizard)         Turns: 3050, Time: 00:04:47

Health: 0/27       AC:  1    Str:  8    XL:     4   Next: 59%
Magic:  9/9        EV: 13    Int: 17    God:
Gold:   158        SH:  0    Dex: 15    Spells: 4/10 levels left

rFire   . . .        a - +3 dagger (venom)
rCold   . . .        (no shield)
rNeg    . . .        b - +0 hat
rPois   .            (no amulet)
rElec   +            (no ring)
rCorr   .            (no ring)
SInv    .            (no ring)
Will    .....        (no ring)
Stlth   +++          (no ring)
HPRegen 0.24/turn    (no ring)
MPRegen 0.11/turn    (no ring)
                     (no ring)

%: no passive effects
@: no status effects
A: almost no armour, amphibious, 8 rings, camouflage 1, gelatinous body 1,
(nimble swimmer 1), tentacles, agile 1, electricity resistance, inability to
drink after injury 1, inability to read after injury 1
a: no special abilities


You were on level 3 of the Dungeon.
You visited 1 branch of the dungeon, and saw 4 of its levels.

You collected 158 gold pieces.

Inventory:

Hand Weapons
 a - a +3 dagger of venom (weapon)
 i - a +3 short sword
Missiles
 k - 10 poisoned darts
 m - a throwing net {=f}
 s - 3 atropa-tipped darts
Armour
 b - a +0 hat (worn)
Magical Staves
 r - a staff of conjuration
Wands
 q - a wand of polymorph (11)
Scrolls
 d - 3 scrolls of teleportation {unknown}
 e - a scroll of blinking {unknown}
 f - a scroll of amnesia {unknown}
 l - a scroll of fear {unknown}
 n - a scroll of identify {unknown}
 o - a scroll of revelation {unknown}
Potions
 c - a potion of magic
 g - 3 potions of mutation
 h - a potion of lignification {unknown}
 j - a potion of curing {unknown}
 p - a potion of heal wounds {unknown}


   Skills:
 - Level 2.0 Dodging
 - Level 2.6 Stealth
 + Level 3.5 Spellcasting
 + Level 3.7 Conjurations
 - Level 1.0 Summonings
 - Level 1.0 Translocations


You had 4 spell levels left.
You knew the following spells:

 Your Spells              Type           Power      Damage    Failure   Level
a - Dazzling Flash        Conj/Hex       18%        N/A       24%         3
b - Blink                 Tloc           12%        N/A       17%         2
X - Magic Dart            Conj           60%        1d6       3%          1

Your spell library contained the following spells:

 Spells                   Type           Power      Damage    Failure   Level
 Slow                     Hex            12%        N/A       17%         1
 Call Imp                 Summ           12%        N/A       17%         2
 Cigotuvi's Dreadful Rot  Necr/Pois/Air  6%         N/A       26%         2
 Mephitic Cloud           Conj/Pois/Air  7%         N/A       30%         3
 Volatile Blastmotes      Fire/Tloc      8%         2d10      38%         3
 Manifold Assault         Tloc           6%         N/A       73%         4
 Alistair's Intoxication  Tmut/Pois      2%         N/A       99%         5
 Borgnjor's Vile Clutch   Necr/Erth      1%         N/A       99%         5
 Eringya's Noxious Bog    Tmut/Pois      1%         4d6       100%        6
 Starburst                Conj/Fire      4%         6d4       100%        6
 Maxwell's Capacitive Co  Air            1%         ∞         100%        8


Dungeon Overview and Level Annotations

Branches:
Dungeon (4/15)
 Temple: D:4-7

Altars:
Ashenzari
Elyvilon


Innate Abilities, Weirdness & Mutations

You cannot wear most types of armour.
You are amphibious.
You can wear up to eight rings at the same time.
Your skin changes colour to match your surroundings (Stealth+).
Your rubbery body absorbs attacks. (AC +1, EV +1)
((You are camouflaged when in or above water. (Stealth+)))
You have tentacles for arms and can constrict up to eight enemies at once.
You are agile. (Dex +4, Str/Int -1)
You are resistant to electric shocks. (rElec)
You occasionally lose the ability to drink potions when taking damage.
You occasionally lose the ability to read scrolls when taking damage.


Message History

Casting: Magic Dart (safe; 3% risk of failure)
Confirm with . or Enter, or press ? or * to list all spells.
The magic dart hits the worm.
The worm is lightly wounded.
Casting: Magic Dart (safe; 3% risk of failure)
Confirm with . or Enter, or press ? or * to list all spells.
The magic dart hits the worm.
The worm is moderately wounded.
Casting: Magic Dart (safe; 3% risk of failure)
Confirm with . or Enter, or press ? or * to list all spells.
The magic dart hits the worm.
The worm is severely wounded.
Casting: Magic Dart (safe; 3% risk of failure)
Confirm with . or Enter, or press ? or * to list all spells.
The magic dart hits the worm.
The worm is severely wounded.
Casting: Magic Dart (safe; 3% risk of failure)
Confirm with . or Enter, or press ? or * to list all spells.
The magic dart hits the worm.
You kill the worm!
No target in view!
You now have 145 gold pieces (gained 12).
d - 3 scrolls labelled RUPEXO JUMUP (gained 1)
A bat comes into view.
Casting: Magic Dart (safe; 3% risk of failure)
Confirm with . or Enter, or press ? or * to list all spells.
The magic dart hits the bat.
The bat is moderately wounded.
Casting: Magic Dart (safe; 3% risk of failure)
Confirm with . or Enter, or press ? or * to list all spells.
The magic dart hits the bat.
The bat is moderately wounded.
Casting: Magic Dart (safe; 3% risk of failure)
Confirm with . or Enter, or press ? or * to list all spells.
The magic dart hits the bat.
You kill the bat!
You start resting.
Magic restored.
Found a stone staircase leading up.
Found two stone staircases leading down.
You now have 158 gold pieces (gained 13).
Found a flail.
You open the door.
There is an open door here.
Found a white marble altar of Elyvilon.
s - 3 atropa-tipped darts
There is a white marble altar of Elyvilon here.
You open the door.
There is an open door here.
There is an open door here.
You open the door.
There is an open door here.
An endoplasm comes into view.
The helpless endoplasm fails to defend itself.
You puncture the endoplasm!
You kill the endoplasm!
Done exploring.
You see here a +0 spear.
There is a stone staircase leading down here.
You climb downwards.
The gnoll shouts! x2; You hear a shout! x2
Found a kite shield.
There is a stone staircase leading up here.
There are monsters nearby!
You climb upwards.
There is a stone staircase leading down here.
There is an escape hatch in the floor here.
There is a stone staircase leading down here.
You climb downwards.
The gnoll shouts!
Found a scroll labelled RUPEXO JUMUP.
There is a stone staircase leading up here.
The gnoll barely misses you. The gnoll hits you with a +0 halberd!
The gnoll bouda shouts!
You climb upwards.
There is a stone staircase leading down here.
You hit the gnoll. Your grab misses the gnoll. You squeeze the gnoll!
The gnoll is almost dead.
The gnoll barely misses you. The gnoll hits you with a +0 halberd.
Press: ? - help, v - describe, . - travel
Here: a gnoll, wielding a +0 halberd (almost dead)
The floor.
You hit the gnoll but do no damage. You grab the gnoll.
The gnoll is almost dead.
You constrict the gnoll. The gnoll barely misses you.
The gnoll closely misses you.
You hit the gnoll.
The gnoll is poisoned.
You grab the gnoll.
The gnoll is moderately wounded.
You constrict the gnoll.
You constrict the gnoll, but do no damage.
The gnoll hits you with a +0 spear!
* * * LOW HITPOINT WARNING * * *
The gnoll completely misses you.
It was a potion of mutation.
You feel extremely strange.
You feel agile.
You occasionally lose the ability to drink potions when taking damage.
You occasionally lose the ability to read scrolls when taking damage.
You feel insulated.
You constrict the gnoll. x2; The gnoll hits you with a +0 spear.
You die...

######### #^......#
#####.......#
####..##...<...#
###....###.....>.#
###...#............#
....##...###.......#
...............gg..#
....##..........@..#
............########
....##......#
...##.......#
.###.....#.##
........##.#
........##.#
...........#
.####...###########


You could see 2 gnolls.

Vanquished Creatures
  Robin (D:3)
  An adder (D:2)
  3 worms
  3 ball pythons
  11 endoplasms
  A giant cockroach (D:1)
  11 goblins
  5 hobgoblins
  3 quokkas
  3 bats
  3 frilled lizards (D:1)
  6 kobolds
  4 rats
55 creatures vanquished.

Notes
Turn   | Place    | Note
-------+----------+-------------------------------------------
     0 | D:1      | edsrzf the Octopode Hedge Wizard began the quest for the
                  | Orb.
     0 | D:1      | Reached XP level 1. HP: 11/11 MP: 4/4
   331 | D:1      | Reached skill level 2 in Conjurations
   331 | D:1      | Reached XP level 2. HP: 17/17 MP: 0/6
  1383 | D:2      | Reached XP level 3. HP: 21/21 MP: 2/7
  1500 | D:2      | Reached skill level 3 in Conjurations
  2068 | D:2      | Found a faded altar of an unknown god.
  2147 | D:2      | Learned a level 2 spell: Blink
  2151 | D:2      | Learned a level 3 spell: Dazzling Flash
  2462 | D:3      | Found a broken altar of Ashenzari.
  2557 | D:3      | Reached XP level 4. HP: 27/27 MP: 2/8
  2640 | D:3      | Noticed Robin
  2660 | D:3      | Killed Robin
  2932 | D:3      | Found a white marble altar of Elyvilon.
  3050 | D:3      | Identified 4 potions of mutation
  3050 | D:3      | Gained mutation: You are agile. (Dex +4, Str/Int -1)
                  | [potion of mutation]
  3050 | D:3      | Gained mutation: You occasionally lose the ability to drink
                  | potions when taking damage. [potion of mutation]
  3050 | D:3      | Gained mutation: You occasionally lose the ability to read
                  | scrolls when taking damage. [potion of mutation]
  3050 | D:3      | Gained mutation: You are resistant to electric shocks.
                  | (rElec) [potion of mutation]
  3050 | D:3      | Slain by a gnoll

Illustrated notes

Levels and vault maps discovered:
D:1:      minmay_arrival_hallway, layout_basic
D:2:      layout_rooms, chequers_ecumenical_altar_simple_redux,
          kennysheep_potato
D:3:      layout_rooms, amcnicky_altar_gilded,
          mainiacjoe_overflow_six_doors_small, uniq_robin
D:4:      layout_loops_cross, zin_statuary, uniq_edmund

Skill      XL: |  1  2  3 |
---------------+----------+-----
Conjurations   | 2 3 |  3.7
Dodging        | |  2.0
Stealth        | |  2.6
Spellcasting   | |  3.5
Summonings     | |  1.0
Translocations | |  1.0

Action                     |  1- 3 |  4- 6 || total
---------------------------+-------+-------++-------
  Melee: Dagger            |     7 |    23 ||    30
         Constrict         |     3 |     6 ||     9
         Tentacles         |     1 |     5 ||     6
         Punch             |       |     1 ||     1
   Cast: Magic Dart        |   101 |    16 ||   117
    Use: Potion            |       |     1 ||     1
   Stab: Sleeping          |       |     1 ||     1
 Armour: Skin              |     4 |     8 ||    12
  Dodge: Dodged            |     7 |    10 ||    17

Table legend: (Time is in decaauts)
 A = Elapsed time spent in this place.
 B = Non-inter-level travel time spent in this place.
 C = Inter-level travel time spent in this place.
 D = Time resting spent in this place.
 E = Time spent auto-exploring this place.
 F = Levels seen in this place.
 G = Mean time per level.
                   A        B        C        D        E       F      G
               +--------+--------+--------+--------+--------+-----+--------+
         Total |   3049 |   2849 |    200 |    646 |   1863 |   4 |  762.2 |
       Dungeon |   3049 |   2849 |    200 |    646 |   1863 |   4 |  762.2 |
               +--------+--------+--------+--------+--------+-----+--------+

Top non-repeatable levels by time:
     D:1: 1255 daAuts
     D:2: 1075 daAuts
     D:3: 714 daAuts
     D:4: 3 daAuts
